 Dungeon Crawl Stone Soup version 0.16.0-17-g811c1d7 (webtiles) character file.

1730 timbw the Summoner (level 9, -2/51 HPs)
             Began as an Octopode Summoner on Mar 22, 2015.
             Slain by a troll (10 damage)
             ... on level 9 of the Dungeon.
             The game lasted 00:21:34 (5002 turns).

timbw the Summoner (Octopode Summoner)              Turns: 5002, Time: 00:21:34

Health: -2/51      AC:  6    Str:  3    XL:     9   Next: 5%
Magic:  22/22      EV: 13    Int: 20    God:
Gold:   263        SH:  0    Dex: 13    Spells: 5 memorised, 5 levels left

rFire  . . .     SeeInvis .     q - +1 flail (protect)
rCold  . . .     Clarity  .     (no shield)
rNeg   . . .     SustAb   +     (helmet restricted)
rPois  .         Gourm    .     (no amulet)
rElec  .         Spirit   .     w - ring of sustain abilities
rCorr  .         Warding  .     z - -4 ring of strength (curse)
rMut   .         Stasis   .     (no ring)
MR     .....                    (no ring)
Stlth  ++++......               (no ring)
                                (no ring)
                                (no ring)
                                (no ring)

@: not resistant to hostile enchantments, stealthy
A: almost no armour, amphibious, 8 rings, constrict 8, camouflage 1, gelatinous
body 1
a: no special abilities


You were on level 9 of the Dungeon.
You were not hungry.

You visited 2 branches of the dungeon, and saw 10 of its levels.
You also visited: Bailey.

You collected 458 gold pieces.
You spent 195 gold pieces at shops.

Inventory:

Hand weapons
 g - a cursed +1 dagger
 q - a +1 flail of protection (weapon)
 E - a +0 blowgun
Missiles
 F - 9 poisoned needles
Armour
 J - a +0 buckler
Jewellery
 w - a ring of sustain abilities (left tentacle)
 z - a cursed -4 ring of strength (right tentacle)
Magical devices
 t - a wand of flame (18)
 u - a wand of fire (0)
 v - a wand of fire (6)
 y - a wand of digging (7)
 A - a wand of digging (7)
 C - a wand of teleportation (3)
 D - a wand of confusion (34)
 G - a wand of paralysis (11)
Scrolls
 h - a scroll of blinking
 j - a scroll of random uselessness {unknown}
 k - 3 scrolls of identify
 l - a scroll of remove curse
 m - 4 scrolls of teleportation
 o - 2 scrolls of amnesia {unknown}
 p - 2 scrolls of fear {unknown}
 r - 4 scrolls of immolation {unknown}
 B - a scroll of recharging
 I - a scroll of enchant weapon
Potions
 a - 2 potions of heal wounds
 e - a potion of lignification
 f - a potion of curing
 i - a potion of magic
 n - a potion of agility
 s - 2 potions of haste
 x - a potion of degeneration {unknown}
Books
 b - a book of Callings

   Spells                             Type                      Level
   a - Summon Small Mammal            Summoning                    1
   b - Call Imp                       Summoning                    2
   c - Call Canine Familiar           Summoning                    3
   d - Summon Guardian Golem          Hexes/Summoning              4
   e - Summon Lightning Spire         Summoning/Air                4
   f - Summon Ice Beast               Ice/Summoning                4
Comestibles
 c - 3 bread rations
 d - 2 meat rations
 H - a slice of pizza


   Skills:
 + Level 2.8 Dodging
 + Level 4.2 Stealth
 + Level 5.8 Spellcasting
 * Level 9.8 Summonings


You had 5 spell levels left.
You knew the following spells:

 Your Spells              Type           Power        Failure   Level  Hunger
a - Summon Small Mammal   Summ           ####         1%          1    None
b - Call Imp              Summ           #####...     1%          2    None
c - Call Canine Familiar  Summ           #####...     1%          3    ##.....
d - Summon Lightning Spi  Summ/Air       ####....     17%         4    ####...
e - Summon Ice Beast      Ice/Summ       ####....     17%         4    ####...


Dungeon Overview and Level Annotations

Branches:
Dungeon (9/15)             Temple (1/1) D:7            Lair (0/8) D:8
    Orc: D:9-12

Altars:
Ashenzari
Cheibriados
Dithmenos
Elyvilon
Fedhas
Gozag
Kikubaaqudgha
Makhleb
Nemelex Xobeh
Okawaru
Qazlal
Ru
Trog
Vehumet
Xom
Yredelemnul
Zin
The Shining One

Shops:
D:6 !

Annotations:
D:7 Eustachio
D:8 4 runed doors


Innate Abilities, Weirdness & Mutations

You cannot wear most types of armour.
You are amphibious.
You can wear up to eight rings at the same time.
You can use your tentacles to constrict many enemies at once.
Your skin changes colour to match your surroundings (Stealth).
Your rubbery body absorbs attacks (AC +1).


Message History

The troll closely misses you. The troll claws you. The troll claws you!
Your wolf closely misses the troll.
The troll bites you. The troll claws you but does no damage.
The troll misses you.
Your wolf bites the troll!
Found a runed spear.
Your wolf barely misses the troll.
Your wolf barely misses the troll.
You see here 21 gold pieces.
Your wolf barely misses the troll.
Your wolf bites the troll!
Your wolf closely misses the troll.
Your wolf barely misses the troll.
Read which item? (? for menu, Esc to quit)
Okay, then.
Your wolf barely misses the troll.
The troll bites you!
* * * LOW HITPOINT WARNING * * *
The troll claws you.
* * * LOW HITPOINT WARNING * * *
The troll claws you!
You die...

#######+#####
#..)........#
#...........#
#...........# #####
#..@........####....
#..Th..$....'.##><..
#...........#..#....
#...........##.'....
####+###########....
#.... #####


You could see a troll and a friendly wolf.

Vanquished Creatures
  An orc warrior (Bailey)
  2 wights (D:7)
  2 crimson imps (D:6)
  A hound (D:4)
  A worker ant (D:6)
  A hound skeleton (D:5)
  An adder (D:8)
  A gnoll (D:3)
  A worm (D:2)
  A giant mite (D:1)
  A shadow imp (D:7)
  2 orcs (Bailey)
  2 bats
  5 goblins
  5 hobgoblins
  2 jackals
  A kobold (D:8)
  A ball python (D:1)
  A giant cockroach (D:1)
  3 giant geckos
  A giant gecko zombie (D:7)
  3 giant newts
  A gnoll zombie (D:3)
  7 rats
47 creatures vanquished.

Vanquished Creatures (collateral kills)
  Maurice (D:8)
  Menkaure (D:7)
  An orc warrior (Bailey)
  A phantom (D:6)
  2 ice beasts
  2 ogres
  A centaur (D:7)
  A necrophage (D:5)
  Sigmund (D:2)
  Duvessa (D:7)
  A big kobold (D:7)
  Blork the orc (D:8)
  4 giant frogs
  A scorpion (D:4)
  A water moccasin zombie (D:5)
  3 killer bees (D:7)
  2 wights (D:7)
  Dowan (D:7)
  A hound (D:6)
  A centaur skeleton (D:5)
  An orc priest (D:4)
  3 orc wizards (D:4)
  An iguana (D:7)
  3 worker ants
  Ijyb (D:6)
  Jessica (D:2)
  9 gnolls
  10 adders
  2 giant mites
  A worm (D:2)
  A giant gecko (D:4)
  An ooze (D:2)
  27 orcs
  A bat zombie (D:5)
  A gnoll zombie (D:3)
  4 goblins
  7 hobgoblins
  8 jackals
  6 kobolds
  A quokka (D:2)
  2 ball pythons
  A bat (D:8)
  A giant newt (D:7)
  A jackal skeleton (D:4)
  2 rats
124 creatures vanquished.

Vanquished Creatures (others)
  A wolf (D:7)
  2 ice beasts (Bailey)
  A crimson imp (D:5)
  6 hounds
  2 shadow imps
  5 white imps
  3 quokkas
  4 bats
  2 rats (D:1)
26 creatures vanquished.

Grand Total: 197 creatures vanquished

Notes
Turn   | Place    | Note
--------------------------------------------------------------
     0 | D:1      | timbw, the Octopode Summoner, began the quest for the Orb.
     0 | D:1      | Reached XP level 1. HP: 11/11 MP: 3/3
   198 | D:1      | Reached XP level 2. HP: 15/17 MP: 1/4
   208 | D:1      | Learned a level 2 spell: Call Imp
   487 | D:2      | Noticed Sigmund
   606 | D:2      | Reached XP level 3. HP: 18/21 MP: 1/6
   966 | D:3      | Reached skill level 5 in Summonings
  1054 | D:4      | Learned a level 3 spell: Call Canine Familiar
  1061 | D:4      | Reached XP level 4. HP: 24/27 MP: 1/8
  1320 | D:4      | Reached XP level 5. HP: 31/31 MP: 1/11
  1358 | D:4      | Noticed a giant frog
  1371 | D:4      | Killed a giant frog
  1557 | D:4      | Noticed an ogre
  1566 | D:4      | Learned a level 4 spell: Summon Lightning Spire
  1620 | D:4      | Killed an ogre
  1620 | D:4      | Reached skill level 6 in Summonings
  1717 | D:4      | Reached XP level 6. HP: 27/36 MP: 8/13
  1883 | D:5      | Entered Level 5 of the Dungeon
  2060 | D:5      | Reached skill level 7 in Summonings
  2100 | D:5      | Found a shadowy altar of Dithmenos.
  2176 | D:6      | Reached XP level 7. HP: 33/41 MP: 7/17
  2189 | D:6      | Learned a level 4 spell: Summon Ice Beast
  2336 | D:6      | Found Giskoida's Distillery.
  2339 | D:6      | Bought a potion of haste for 130 gold pieces
  2339 | D:6      | Bought a potion of heal wounds for 65 gold pieces
  2384 | D:6      | Noticed Ijyb
  2399 | D:6      | Killed Ijyb
  2491 | D:7      | Found a staircase to the Ecumenical Temple.
  2502 | D:7      | Noticed Eustachio
  2508 | Temple   | Entered the Ecumenical Temple
  2659 | D:7      | Reached skill level 8 in Summonings
  3152 | D:3      | Found a sparkling altar of Nemelex Xobeh.
  3217 | D:3      | Found a basalt altar of Yredelemnul.
  3629 | D:2      | Killed Sigmund
  3629 | D:2      | Reached XP level 8. HP: 46/46 MP: 8/19
  3682 | D:2      | Noticed Jessica
  3687 | D:2      | Killed Jessica
  3895 | D:7      | Noticed Dowan
  3898 | D:7      | Noticed Duvessa
  3906 | D:7      | Killed Dowan
  3908 | D:7      | Killed Duvessa
  3908 | D:7      | Reached skill level 5 in Spellcasting
  4006 | D:7      | Noticed Menkaure
  4014 | D:7      | Killed Menkaure
  4024 | D:7      | Reached skill level 9 in Summonings
  4298 | D:8      | Noticed Maurice
  4310 | D:8      | Killed Maurice
  4413 | D:8      | Found a huge runed gate.
  4413 | D:8      | Found a huge runed gate.
  4414 | D:8      | Found a huge runed gate.
  4414 | D:8      | Noticed a polar bear
  4414 | D:8      | Noticed a polar bear
  4415 | D:8      | Noticed a polar bear
  4415 | D:8      | Found a huge runed gate.
  4415 | D:8      | Noticed a polar bear
  4416 | D:8      | Noticed a polar bear
  4416 | D:8      | Noticed a polar bear
  4424 | D:8      | Found a staircase to the Lair.
  4481 | D:8      | Found a flagged portal.
  4495 | Bailey   | Entered a bailey
  4852 | D:8      | Reached XP level 9. HP: 41/51 MP: 12/22
  4870 | D:8      | Noticed Blork the orc
  4880 | D:8      | Killed Blork the orc
  5002 | D:9      | Slain by a troll

Action                   |  1- 3 |  4- 6 |  7- 9 || total
-------------------------+-------+-------+-------++-------
Melee: Unarmed           |    19 |       |       ||    19
       Dagger            |    18 |    44 |    27 ||    89
       Flail             |       |       |    55 ||    55
 Cast: Summon Small Mamm |    17 |     8 |       ||    25
       Call Imp          |    14 |    15 |    18 ||    47
       Call Canine Famil |     1 |    14 |    29 ||    44
       Summon Lightning  |       |     2 |     4 ||     6
       Summon Ice Beast  |       |       |    13 ||    13
Evoke: Wand              |       |       |     3 ||     3
  Use: Scroll            |       |     8 |     4 ||    12
       Potion            |       |     1 |     4 ||     5
 Stab: Sleeping          |     3 |     1 |    10 ||    14
       Distracted        |       |       |     1 ||     1
       Confused          |       |       |     1 ||     1
  Eat: Chunk             |     2 |     5 |    13 ||    20
       Fruit             |       |       |     2 ||     2
